 Dungeon Crawl Stone Soup version 0.24.0-1-gfbc8707 (webtiles) character file.

Game seed: 10338003241113870017, levelgen mode: deterministic

2083 indyram44 the Skirmisher (level 9, -5/69 HPs)
             Began as a Demonspawn Gladiator on Nov 1, 2019.
             Was a Believer of Makhleb.
             Slain by an orc warrior
             ... wielding a +0 trident
              (17 damage)
             ... in a bailey.
             The game lasted 00:24:00 (6632 turns).

indyram44 the Skirmisher (Demonspawn Gladiator)     Turns: 6632, Time: 00:24:01

Health: -5/69      AC: 18    Str: 17    XL:     9   Next: 6%
Magic:  9/9        EV: 20    Int: 12    God:    Makhleb [**....]
Gold:   327        SH:  0    Dex: 20    Spells: 8/8 levels left

rFire    + . .     SeeInvis .   a - +5 falchion of a bazaar {slice, rPois rF+ Int+2 Stlth+}
rCold    . . .     Gourm    .   (no shield)
rNeg     . . .     Faith    .   N - +4 scale mail
rPois    +         Spirit   .   c - +0 helmet
rElec    .         Reflect  .   y - scarf {repulsion}
rCorr    +         Harm     .   (no gloves)
MR       .....                  o - +1 pair of boots
Stlth    ++++......             (no amulet)
HPRegen  0.21/turn              e - +2 ring of evasion
MPRegen  0.11/turn              (no ring)

@: agile, repel missiles
A: talons 1, yellow scales 3, powered by pain 2, rot immunity
a: Minor Destruction, Renounce Religion


You were in a bailey.
You worshipped Makhleb.
Makhleb was pleased with you.
You were not hungry.

You visited 2 branches of the dungeon, and saw 8 of its levels.
You also visited: Sewer and Bailey.

You collected 327 gold pieces.

Inventory:

Hand Weapons
 a - the +5 falchion of a bazaar (weapon) {slice, rPois rF+ Int+2 Stlth+}
   (You found it on level 7 of the Dungeon)

   It inflicts extra damage upon your enemies.
   It affects your intelligence (+2).
   It protects you from fire.
   It protects you from poison.
   It makes you more stealthy.
 b - a +2 short sword of protection
 k - a +0 dagger
 L - a +0 long sword
Missiles
 d - 3 throwing nets
 i - 159 stones
 A - 14 boomerangs
 J - 42 poisoned darts (quivered)
Armour
 c - a +0 helmet (worn)
 o - a +1 pair of boots (worn)
 y - a scarf of repulsion (worn)
 G - a +0 plate armour
 N - a +4 scale mail (worn)
Jewellery
 e - a +2 ring of evasion (left hand)
 H - an uncursed ring of fire
Wands
 h - a wand of digging (7)
 v - a wand of random effects (14)
 D - a wand of paralysis (9)
Scrolls
 j - 5 scrolls of identify
 l - 3 scrolls of remove curse
 m - 2 scrolls of enchant armour {unknown}
 n - a scroll of enchant weapon {unknown}
 r - 4 scrolls of fear {unknown}
 u - 3 scrolls of teleportation {unknown}
 x - 4 scrolls of fog {unknown}
 E - a scroll of immolation {unknown}
 F - a scroll of vulnerability {unknown}
Potions
 g - 5 potions of curing
 p - 2 potions of brilliance {unknown}
 q - 3 potions of haste {unknown}
 s - 2 potions of might
 t - a potion of agility {unknown}
 z - 5 potions of heal wounds
 B - a potion of magic {unknown}
 C - a potion of lignification
 I - a potion of mutation {unknown}
Comestibles
 f - 10 rations
 K - 17 chunks of flesh


   Skills:
 * Level 6.3 Fighting
 * Level 3.8(4.2) Short Blades
 - Level 2.7(3.7) Long Blades
 - Level 3.1 Throwing
 * Level 5.3 Armour
 + Level 4.8 Dodging
 + Level 4.1 Stealth
 + Level 1.1 Invocations
 + Level 0.7 Evocations


You had 8 spell levels left.
You didn't know any spells.
Your spell library was empty.

Dungeon Overview and Level Annotations

Branches:
Dungeon (7/15)             Temple (1/1) D:4           Sewer (visited)
 Bailey (1/1)

Altars:
Cheibriados
Dithmenos
Gozag
Makhleb
Nemelex Xobeh
Okawaru
Qazlal
Ru
Wu Jian
Xom
Zin


Innate Abilities, Weirdness & Mutations

You have sharp toenails.
You are completely covered in yellow scales. (AC +4, rCorr)
You sometimes gain power by taking damage.
You are immune to rotting.


Message History

The orc warrior closely misses you.
The orc warrior hits you with a +0 spear.
* * * LOW HITPOINT WARNING * * *
The orc warrior closely misses you.
Some of the chunks of flesh in your inventory have rotted away.
It was a potion of heal wounds.
You feel much better.
The orc warrior hits you from afar with a +0 trident.
The orc warrior hits you with a +0 trident!
The orc warrior hits you but does no damage.
You closely miss the orc warrior.
The orc warrior hits you with a +0 trident!!
* * * LOW HITPOINT WARNING * * *
You focus on the pain.
You feel agile all of a sudden. The orc warrior closely misses you.
Press: ? - help, Shift-Dir - straight line, f - orc warrior
Aim: an orc warrior, wielding a +0 trident and wearing a +0 scale mail (unusually strong)
The puff of flame misses the orc warrior.
The orc warrior hits you with a +0 trident!
You die...

#...#
#...#
#...#
#)))#
###)###
##..)..##
#.......#
#....oo.#
#.....@.#
#.......#
#.......#
#.......#
#...[)..#
#..))).)#
#∩.))))∩#
#....)..#
##..∩..##


You could see 2 orc warriors.

Vanquished Creatures
  Prince Ribbit (D:6)
  A hippogriff (D:6)
  2 ice beasts
  2 orc warriors (Bailey)
  A necrophage (D:6)
  A phantom (D:6)
  2 ogres
  A centaur (D:5)
  Blork the orc (D:4)
  A bullfrog (D:6)
  3 scorpions
  A crimson imp (D:5)
  A howler monkey (D:6)
  An orc priest (D:7)
  2 bullfrog skeletons
  2 hounds
  An iguana (D:5)
  4 worker ants
  Natasha (D:2)
  A hound skeleton (D:4)
  3 gnolls (D:3)
  9 adders
  An adder zombie (D:6)
  An adder skeleton (D:3)
  3 worms
  A dart slug (D:2)
  7 leopard geckos
  25 orcs
  3 giant cockroaches
  12 goblins
  6 hobgoblins
  9 jackals
  2 quokkas
  5 ball pythons
  10 bats
  11 frilled lizards
  11 kobolds
  10 rats
  A plant (Sewer)
160 creatures vanquished.

Notes
Turn   | Place    | Note
-------+----------+-------------------------------------------
     0 | D:1      | indyram44 the Demonspawn Gladiator began the quest for the
                  | Orb.
     0 | D:1      | Reached XP level 1. HP: 16/16 MP: 1/1
   418 | D:1      | Gained mutation: You are partially covered in yellow
                  | scales. (AC +2) [demonic ancestry]
   418 | D:1      | Reached XP level 2. HP: 22/22 MP: 2/2
   966 | D:2      | Reached skill level 1 in Armour
   971 | D:2      | Gained mutation: You are mostly covered in yellow scales.
                  | (AC +3) [demonic ancestry]
   971 | D:2      | Reached XP level 3. HP: 28/28 MP: 3/3
  1265 | D:2      | Noticed Natasha
  1278 | D:2      | Killed Natasha
  1278 | D:2      | Reached skill level 1 in Stealth
  1373 | D:2      | Found a shadowy altar of Dithmenos.
  1407 | D:2      | Reached XP level 4. HP: 34/34 MP: 4/4
  2171 | D:3      | Gained mutation: You sometimes gain a little power by
                  | taking damage. [demonic ancestry]
  2171 | D:3      | Reached XP level 5. HP: 31/40 MP: 5/5
  2195 | D:3      | Reached skill level 1 in Short Blades
  2746 | D:4      | Reached skill level 3 in Fighting
  2755 | D:4      | Noticed an angel
  2757 | D:4      | Found a glowing silver altar of Zin.
  2758 | D:4      | Found a shimmering altar of Xom.
  2761 | D:4      | Noticed an ogre
  2794 | D:4      | Killed an ogre
  2794 | D:4      | Gained mutation: You are immune to rotting. [demonic
                  | ancestry]
  2794 | D:4      | Reached XP level 6. HP: 17/47 MP: 6/6
  3236 | D:4      | Found a staircase to the Ecumenical Temple.
  3249 | Temple   | Entered the Ecumenical Temple
  3283 | Temple   | Became a worshipper of Makhleb the Destroyer
  3317 | D:4      | Found a glowing silver altar of Zin.
  3536 | D:4      | Noticed Blork the orc
  3560 | D:4      | Killed Blork the orc
  3695 | D:5      | Entered Level 5 of the Dungeon
  3737 | D:5      | Reached skill level 4 in Fighting
  3737 | D:5      | Gained mutation: You are completely covered in yellow
                  | scales. (AC +4, rCorr) [demonic ancestry]
  3737 | D:5      | Reached XP level 7. HP: 47/54 MP: 7/7
  3830 | D:5      | Found a glowing drain.
  3834 | Sewer    | Entered a sewer
  4124 | Sewer    | Reached * piety under Makhleb
  4548 | D:5      | Found an ornate altar of the Wu Jian Council.
  4832 | D:5      | Got a polished leather armour
  4834 | D:5      | Identified the cursed +1 leather armour of Catatonia {MR+}
                  | (You found it on level 5 of the Dungeon)
  5222 | D:6      | Noticed a hippogriff
  5237 | D:6      | Killed a hippogriff
  5308 | D:6      | Noticed Prince Ribbit
  5339 | D:6      | Killed Prince Ribbit
  5339 | D:6      | Reached skill level 5 in Fighting
  5339 | D:6      | Gained mutation: You sometimes gain power by taking damage.
                  | [demonic ancestry]
  5339 | D:6      | Reached XP level 8. HP: 37/62 MP: 8/8
  6320 | D:7      | Reached skill level 6 in Fighting
  6320 | D:7      | Reached skill level 5 in Armour
  6352 | D:7      | Got a pitted falchion
  6353 | D:7      | Identified the +5 falchion of a bazaar {slice, rPois rF+
                  | Int+2 Stlth+} (You found it on level 7 of the Dungeon)
  6454 | D:7      | Found a flagged portal.
  6460 | Bailey   | Entered a bailey
  6490 | Bailey   | Reached ** piety under Makhleb
  6490 | Bailey   | Gained mutation: You have sharp toenails. [demonic
                  | ancestry]
  6490 | Bailey   | Reached XP level 9. HP: 53/69 MP: 9/9
  6603 | Bailey   | Reached skill level 1 in Invocations
  6632 | Bailey   | Slain by an orc warrior

Levels and vault maps discovered:
D:1:      lightli_arrival_boilingwater, layout_basic
D:2:      layout_basic, lemuel_altar_in_water2, uniq_natasha
D:3:      layout_loops_ring, feat_on_display
D:4:      layout_layer_cave, grunt_temple_overflow_order_and_chaos_1,
          minmay_temple_entry_drinking_statues, first_ration,
          kennysheep_flooded_box, st_stairs_8, uniq_blork_the_orc
D:5:      layout_basic, overflow_temple_1_default, gup_sewer_entry_bowl,
          grunt_decor_fettered
D:6:      layout_loops_corners, minmay_misc_feat_rugged, uniq_prince_ribbit1
D:7:      layout_basic, marbit_many_paths, enter_bailey_2, gammafunk_ghost_arena
Temple:   regret_index_temple_sphere_string
Bailey:   bailey_polearm_5, bailey

Skill      XL: |  1  2  3  4  5  6  7  8  9 |
---------------+----------------------------+-----
Throwing       | 2 3 |  3.1
Armour         | 1 2 3 4 5 |  5.3
Dodging        | 3 4 |  4.8
Stealth        | 1 2 3 4 |  4.1
Short Blades   | 1 2 3 |  3.8
Fighting       | 3 4 5 6 |  6.3
Invocations    | 1 |  1.1
Long Blades    | |  2.7
Evocations     | |  0.7

Action                   |  1- 3 |  4- 6 |  7- 9 || total
-------------------------+-------+-------+-------++-------
Melee: Long sword        |   106 |   198 |   325 ||   629
       Falchion          |       |       |    66 ||    66
       Short sword       |       |       |    24 ||    24
Throw: Boomerang         |       |       |    12 ||    12
       Dart              |       |       |     6 ||     6
Invok: Minor Destruction |       |       |     1 ||     1
Evoke: Wand              |       |     2 |     2 ||     4
  Use: Potion            |       |     3 |     1 ||     4
       Scroll            |       |       |     3 ||     3
 Stab: Paralysed         |       |     8 |     8 ||    16
  Eat: Chunk             |     2 |     4 |    11 ||    17
       Ration            |       |     1 |       ||     1
Armor: Ring mail         |    38 |    41 |       ||    79
       Scale mail        |       |    46 |   189 ||   235
       Skin              |       |     8 |       ||     8
Dodge: Dodged            |    93 |   139 |   332 ||   564
       Deflected         |       |     1 |     2 ||     3
       Rpst.: Long sword |    28 |    51 |    64 ||   143
       Falchion          |       |       |    29 ||    29
